 Dungeon Crawl Stone Soup version 0.30.1-4-g462c640d31 (webtiles) character file.

Game seed: 9028340849155559240

72 jsudlow the Trooper (level 4, -2/61 HPs)
             Began as a Minotaur Berserker on Aug 31, 2023.
             Was a Believer of Trog.
             Slain by a gnoll
             ... wielding a +0 spear
              (3 damage)
             ... on level 2 of the Dungeon.
             The game lasted 00:01:51 (1097 turns).

jsudlow the Trooper (Minotaur Berserker)            Turns: 1097, Time: 00:01:52

Health: -2/61      AC:  2    Str: 24    XL:     4   Next: 6%
Magic:  3/3        EV: 12    Int:  4    God:    Trog [**....]
Gold:   96         SH:  0    Dex:  9    Spells: 3/3 levels left

rFire   . . .        e - +0 dagger (venom)
rCold   . . .        (no shield)
rNeg    . . .        b - +0 animal skin
rPois   .            (helmet restricted)
rElec   .            (no cloak)
rCorr   .            (no gloves)
SInv    .            (no boots)
Will    .....        (no amulet) Stlth
                     (no ring)
HPRegen 0.30/turn    (no ring)
MPRegen 0.08/turn

%: no passive effects
@: berserking (expiring), very quick
A: horns 2, retaliatory headbutt
a: Renounce Religion, Berserk, Trog's Hand


You were on level 2 of the Dungeon.
You worshipped Trog.
Trog was pleased with you.
You visited 1 branch of the dungeon, and saw 2 of its levels.

You collected 96 gold pieces.

Inventory:

Hand Weapons
 a - a +0 mace
 e - a +0 dagger of venom (weapon)
Armour
 b - a +0 animal skin (worn)
Wands
 h - a wand of polymorph (3)
Scrolls
 c - 3 scrolls of identify {unknown}
Potions
 d - a potion of attraction {unknown}
 f - a potion of heal wounds {unknown}
 g - a potion of curing {unknown}
 i - a potion of mutation {unknown}


   Skills:
 + Level 4.6 Fighting
 + Level 1.2 Short Blades
 + Level 4.1 Maces & Flails
 + Level 2.6 Armour
 + Level 3.2 Dodging


You had 3 spell levels left.
You didn't know any spells.
Your spell library was empty.

Dungeon Overview and Level Annotations

Branches:
Dungeon (2/15)

Altars:


Innate Abilities, Weirdness & Mutations

You have a pair of horns on your head.
You reflexively headbutt those who attack you in melee.


Message History

The gnoll is severely wounded.
A gnoll comes into view. It is wielding a +0 spear.
The gnoll hits you with a +0 spear.
You hit the gnoll but do no damage.
The gnoll looks as sick as possible!
The gnoll is severely wounded.
You hit the gnoll but do no damage.
The gnoll looks as sick as possible!
Your headbutt misses the gnoll.
The gnoll is almost dead.
You kill the gnoll!
Trog accepts your kill. The gnoll closely misses you.
Your Short Blades skill increases to level 1!
A red film seems to cover your vision as you go berserk!
You feel yourself moving faster!
You feel mighty! The gnoll closely misses you.
The gnoll hits you from afar with a +0 halberd!
You feel a strong urge to attack something.
The gnoll hits you with a +0 spear. The gnoll hits you with a +0 halberd.
You are too injured to fight recklessly!
You are too injured to fight recklessly!
You are too injured to fight recklessly!
You are too injured to fight recklessly!
You are too injured to fight recklessly!
You puncture the gnoll!
The gnoll looks as sick as possible!
The gnoll is severely wounded.
The gnoll hits you from afar with a +0 spear!
* * * LOW HITPOINT WARNING * * *
The gnoll closely misses you. x2
You puncture the gnoll!
The gnoll is poisoned.
You headbutt the gnoll.
You kill the gnoll!
Trog accepts your kill.
Your Dodging skill increases to level 3!
You hit the gnoll.
You kill the gnoll!
Trog accepts your kill.
The gnoll hits you from afar with a +0 spear!
* * * LOW HITPOINT WARNING * * *
You have reached level 4!
You feel stronger. The gnoll hits you with a +0 spear.
You die...

. ## .. ..# ... #.# ....
#.# ..... #.#
......######.#
......g@.)..>#######
.......)...........#
.......#####.#####.
.......#####.#####.#
........#....#...).)...#.#
........##.#.#.###.###.#.#
#.......##.#.#.# #.# #.#.#
##......##.#.#.# #.# #.#.#
##.......##.#.#.# #.#
#.#.#


You could see a gnoll.

Vanquished Creatures
  3 gnolls (D:2)
  An adder (D:2)
  2 ball pythons
  2 bats
  An endoplasm (D:1)
  A giant cockroach (D:1)
  5 goblins (D:1)
  5 hobgoblins
  A quokka (D:1)
  2 frilled lizards (D:1)
  6 kobolds
  4 rats (D:1)
33 creatures vanquished.

Notes
Turn   | Place    | Note
-------+----------+-------------------------------------------
     0 | D:1      | jsudlow the Minotaur Berserker began the quest for the Orb.
     0 | D:1      | Reached XP level 1. HP: 19/19 MP: 0/0
    44 | D:1      | Found a faded altar of an unknown god.
   146 | D:1      | Reached XP level 2. HP: 27/27 MP: 1/1
   417 | D:1      | Reached ** piety under Trog
   869 | D:2      | Reached XP level 3. HP: 28/34 MP: 2/2
  1092 | D:2      | Reached skill level 1 in Short Blades
  1096 | D:2      | HP: 1/51 [gnoll/+0 spear (9)]
  1097 | D:2      | Reached XP level 4. HP: 1/41 MP: 3/3
  1097 | D:2      | Slain by a gnoll

Illustrated notes

Levels and vault maps discovered:
D:1:      dpeg_arrival_signposts, layout_loops_ring,
          shapermc_ecumenical_altar_mp_highgroup
D:2:      layout_basic, basic_altar, nicolae_figureground_pulse

Skill      XL: |  1  2  3 |
---------------+----------+-----
Fighting       | 4 |  4.6
Maces & Flails | 4 |  4.1
Short Blades   | 1 |  1.2
Dodging        | 3 |  3.2
Armour         | |  2.6

Action                     |  1- 3 |  4- 6 || total
---------------------------+-------+-------++-------
  Melee: Mace              |    11 |       ||    11
         Headbutt          |     9 |       ||     9
         Dagger            |    66 |       ||    66
         Punch             |     1 |       ||     1
 Invoke: Berserk           |     1 |       ||     1
 Armour: Animal skin       |    16 |       ||    16
  Dodge: Dodged            |    47 |       ||    47
